[Event "Seniors-LEM-65 Sachsen-Anhalt 2024"]
[Site "Magdeburg"]
[Date "2024.07.01"]
[Round "1.14"]
[White "Kluever, Horst"]
[Black "Waagener, Ulrich"]
[Result "0-1"]
[ECO "B02"]
[WhiteElo "1850"]
[BlackElo "2080"]
[Annotator "TA"]
[PlyCount "56"]
[EventDate "2024.06.25"]
[EventType "swiss"]
[EventCountry "GER"]
[SourceTitle "playchess.com"]
[Source "ChessBase"]
[SourceQuality "1"]
[TimeControl "40/5400+30:1800+30"]

1. e4 Nf6 2. Nc3 d5 3. exd5 Nxd5 4. Nxd5 Qxd5 5. d4 Nc6 6. Be3 g6 7. a3 Bf5 8. Nf3 Bg7 {[%emt 0:05:53] The position is equal.} 9. Qd2 (9. c3 $11) 9... O-O 10. c4 (10. Rd1 $11 {feels stronger.}) 10... Qe4 $15 11. Ng5 Qc2 12. Nf3 (12. Qxc2 $142 Bxc2 13. Rc1) 12... Rad8 13. Rd1 {[%emt 0:01:23] [#]} (13. Qc3 $142) 13... Qb3 {[%emt 0:05:55] Black is much more active.} ({Black should play} 13... Qxd2+ $1 $17 14. Rxd2 Na5) 14. Qc3 Qxc3+ 15. bxc3 e5 16. Be2 e4 ({Better is} 16... b6 $15) 17. Nd2 $11 Rfe8 18. Nb3 Bc8 19. O-O b6 20. Bf4 Rd7 21. c5 {[%emt 0:01:42] [#] Hoping for Bb5.} Ne7 22. Bc4 Bb7 23. Bb5 c6 24. Be2 (24. Bc4 $11) 24... Nd5 $1 $36 {[%emt 0:00:21][%csl LRc3,LRf4][%mdl 2048] Black has some pressure.} 25. Bd2 e3 26. Be1 (26. fxe3 $15 Nxe3 27. Bxe3 Rxe3 28. Bd3) 26... Nf4 $19 {[%emt 0:03:29] Black is clearly winning.} 27. Nc1 Nxe2+ (27... exf2+ $2 28. Rxf2 Nxe2+ 29. Rxe2 Rxe2 30. Nxe2 $19) 28. Nxe2 Ba6 {[%emt 0:00:23] Weighted Error Value: White=0.59/Black=0.18 (very precise) .  Loses game:     	White=1     	---        Mistake:       	White=5     	Black=2      Inaccurate:     	White=2     	Black=3      OK:         	White=5     	Black=6      Best:        	White=1     	Black=4} 0-1

[Event "Seniors-LEM-65 Sachsen-Anhalt 2024"]
[Site "Magdeburg"]
[Date "2024.07.01"]
[Round "1.15"]
[White "Ruether, Rudolf"]
[Black "Boettcher, Frank"]
[Result "1/2-1/2"]
[ECO "A90"]
[WhiteElo "2065"]
[BlackElo "1848"]
[Annotator "TA"]
[PlyCount "89"]
[EventDate "2024.06.25"]
[EventType "swiss"]
[EventCountry "GER"]
[SourceTitle "playchess.com"]
[Source "ChessBase"]
[SourceQuality "1"]
[TimeControl "40/5400+30:1800+30"]

1. Nf3 e6 2. g3 f5 3. Bg2 Nf6 4. O-O d5 5. b3 Bd6 6. d4 O-O 7. c4 c6 8. Ba3 b6 9. Qc1 Bb7 10. Rd1 Qe7 {[%emt 0:01:25] White has an edge.} (10... Bxa3 {feels hotter.} 11. Qxa3 Nbd7 12. Qd6 Ne4) 11. Bxd6 Qxd6 12. Nbd2 Nbd7 13. Qb2 Ng4 14. e3 Rac8 15. Rac1 Rfe8 16. b4 Rb8 17. Qc3 Rbc8 18. h3 Ngf6 19. Ne5 Ne4 20. Qb2 (20. Nxe4 {simplifies} fxe4 21. Nxd7 Qxd7 22. h4) 20... Nxe5 21. dxe5 Qe7 22. Nf1 Ng5 23. f4 Nf7 (23... Ne4 $11 {remains equal.}) 24. c5 Ba6 25. Nd2 Qb7 26. a3 Rb8 27. Qd4 Bb5 28. Bf3 Qa6 29. Rc3 Nd8 30. g4 g6 (30... fxg4 $14 {feels stronger.} 31. hxg4 (31. Bxg4 bxc5 32. Qxc5 Nb7 $14) 31... bxc5 32. Qxc5 Nb7) 31. Kf2 $16 {[%emt 0:00:19] Black is weak on the dark squares} Nb7 {[%emt 0:03:06] [#]} (31... bxc5 $16 32. Qxc5 fxg4) 32. gxf5 $1 $18 exf5 33. cxb6 Qxb6 34. Rdc1 (34. Nb3 $142) 34... Nd8 (34... Qxd4 $142 35. exd4 Nd8) 35. Nb3 $16 {[%emt 0:00:46] White is more active.} Ne6 (35... Re7 $16 {is a better defense.} 36. h4 Kf7) 36. Qxb6 $18 axb6 {[%emt 0:00:30] [#]} 37. Be2 {[%emt 0:03:56] Inhibits Bc4.} (37. Rxc6 $1 $18 {and the rest is easy.} Bxc6 38. Rxc6) 37... Ba4 (37... Bxe2 $142 38. Kxe2 c5) 38. Nd4 $16 Nxd4 39. exd4 Ra8 40. h4 Re6 (40... h5 $16 {was worth a try.} 41. Rb1 Kf7) 41. Ke3 (41. Rg3 $18) 41... Kg7 42. Bd3 Re7 43. Rg1 ({Better is} 43. h5) 43... Kf7 (43... Bb5 $16) 44. Kd2 Rea7 45. Kc1 {[%emt 0:00:00] Weighted Error Value: White=0.16 (very precise) /Black=0.23 (precise) .  Mistake:       	White=4     	Black=8      Inaccurate:     	White=1     	Black=1      OK:         	White=10    	Black=5      Best:        	White=1     	Black=2      Strong:       	White=1     	---} 1/2-1/2

[Event "Seniors-LEM-65 Sachsen-Anhalt 2024"]
[Site "Magdeburg"]
[Date "2024.07.01"]
[Round "1.15"]
[White "Ruether, Rudolf"]
[Black "Boettcher, Frank"]
[Result "*"]
[ECO "A52"]
[WhiteElo "2065"]
[BlackElo "1848"]
[Annotator "RC"]
[PlyCount "34"]
[EventDate "2024.06.25"]
[EventType "swiss"]
[EventCountry "GER"]
[SourceTitle "playchess.com"]
[Source "ChessBase"]
[SourceQuality "1"]
[TimeControl "40/5400+30:1800+30"]

1. d4 Nf6 2. c4 e5 3. dxe5 Ng4 4. Bf4 Bb4+ 5. Nd2 Nc6 6. Ngf3 Qe7 7. e3 Ngxe5 8. Be2 d6 9. O-O a5 10. Nb3 a4 11. Nbd4 O-O 12. Rc1 Re8 13. Nb5 Ng6 14. Bg3 f5 15. Bd3 Nce5 16. a3 Bc5 17. Nc3 Bd7 *

[Event "Seniors-LEM-65 Sachsen-Anhalt 2024"]
[Site "Magdeburg"]
[Date "2024.07.01"]
[Round "1.16"]
[White "Hoelzel, Gerhard"]
[Black "Matthey, Harald"]
[Result "0-1"]
[ECO "A52"]
[WhiteElo "1839"]
[BlackElo "2064"]
[Annotator "TA"]
[PlyCount "56"]
[EventDate "2024.06.25"]
[EventType "swiss"]
[EventCountry "GER"]
[SourceTitle "playchess.com"]
[Source "ChessBase"]
[SourceQuality "1"]
[TimeControl "40/5400+30:1800+30"]

1. d4 Nf6 2. c4 e5 3. dxe5 Ng4 4. Bf4 Bb4+ 5. Nd2 Nc6 6. Ngf3 Qe7 7. e3 Ngxe5 8. Be2 d6 9. O-O a5 10. Nb3 a4 {[%emt 0:03:51] The position is equal.} 11. Nbd4 O-O 12. Rc1 Re8 13. Nb5 Ng6 {[%emt 0:11:28] [#] White must now prevent ...Nxf4.} 14. Bg3 f5 15. Bd3 (15. a3 $16 Bc5 16. Nc3) 15... Nce5 16. a3 (16. c5 $14 {is more appropriate.}) 16... Bc5 17. Nc3 Bd7 18. Nd5 Qd8 19. Be2 Nxf3+ 20. Bxf3 Ne5 21. Be2 Ng6 22. Bh5 Be6 23. Bxg6 (23. Re1 $14) 23... hxg6 $15 24. Nf4 Bf7 25. h4 Re4 26. Re1 g5 $1 (26... Bxc4 $2 27. Rxc4 (27. Nxg6 Bf7 $11) 27... Rxc4 28. Qd5+ (28. Nxg6 c6 $15) 28... Kh7 29. Qxc4 $18) 27. hxg5 Qxg5 (27... Rxc4 $2 28. g6 Qd7 29. gxf7+ $18) 28. Nd3 {[%emt 0:03:56] [#]} Bxe3 $1 {[%emt 0:04:30][%mdl 512] Weighted Error Value: White=0.20 (precise) /Black=0.15 (very precise) .  Mistake:       	White=3     	---        Inaccurate:     	White=4     	Black=4      OK:         	White=4     	Black=5      Strong:       	---       	Black=1} 0-1

[Event "Seniors-LEM-65 Sachsen-Anhalt 2024"]
[Site "Magdeburg"]
[Date "2024.07.01"]
[Round "1.16"]
[White "Hoelzel, Gerhard"]
[Black "Matthey, Harald"]
[Result "*"]
[ECO "A02"]
[WhiteElo "1839"]
[BlackElo "2064"]
[Annotator "RC"]
[PlyCount "40"]
[EventDate "2024.06.25"]
[EventType "swiss"]
[EventCountry "GER"]
[SourceTitle "playchess.com"]
[Source "ChessBase"]
[SourceQuality "1"]
[TimeControl "40/5400+30:1800+30"]

1. f4 g6 2. Nf3 Bg7 3. e3 b6 4. Be2 Bb7 5. O-O c5 6. d3 d5 7. c3 Nh6 8. d4 O-O 9. Ne5 f6 10. Ng4 Nf5 11. Na3 a6 12. Nc2 Nd7 13. Bf3 Nh4 14. Be2 e6 15. g3 Nf5 16. Bf3 Nd6 17. Nf2 Qc7 18. Bd2 e5 19. fxe5 fxe5 20. Bg2 Rae8 *

[Event "Seniors-LEM-65 Sachsen-Anhalt 2024"]
[Site "Magdeburg"]
[Date "2024.07.01"]
[Round "1.17"]
[White "Pranner, Marion"]
[Black "Roth, Heinz Georg"]
[Result "1/2-1/2"]
[ECO "A02"]
[WhiteElo "2055"]
[BlackElo "1830"]
[Annotator "TA"]
[PlyCount "62"]
[EventDate "2024.06.25"]
[EventType "swiss"]
[EventCountry "GER"]
[SourceTitle "playchess.com"]
[Source "ChessBase"]
[SourceQuality "1"]
[TimeControl "40/5400+30:1800+30"]

1. f4 g6 2. Nf3 Bg7 3. e3 b6 4. Be2 Bb7 5. O-O c5 6. d3 d5 7. c3 Nh6 8. d4 {[%emt 0:03:36] Black is slightly better.} O-O 9. Ne5 f6 10. Ng4 Nf5 11. Na3 a6 (11... Qc8 $15) 12. Nc2 (12. dxc5 $11 Nd7 (12... bxc5 13. e4 $11) 13. cxb6) 12... Nd7 13. Bf3 Nh4 14. Be2 e6 15. g3 Nf5 16. Bf3 Nd6 17. Nf2 Qc7 18. Bd2 e5 19. fxe5 fxe5 20. Bg2 Rae8 21. Nd3 Rxf1+ 22. Bxf1 a5 23. Nde1 (23. Bg2 $17) 23... Nc4 24. Rb1 (24. b3 $17 Nxd2 25. Qxd2) 24... Bh6 ({Better is} 24... Nf6 $19 {Threatens to win with ...Rf8.} 25. Nd3 e4) 25. b3 {[%emt 0:06:03] [#]} (25. Bc1 $17) 25... Nxd2 $1 $19 26. Qxd2 Nf6 27. Ng2 $2 (27. Bg2) 27... Ne4 28. Qe1 cxd4 {[%emt 0:00:40] Black is clearly winning.} 29. c4 Ng5 30. Qe2 {[%emt 0:02:33] [#] Wards off Nf3+} d3 $1 31. Qxd3 Nh3+ {[%emt 0:00:35][%mdl 32768] Weighted Error Value: White=0.46/Black=0.11 (very precise) .  Mistake:       	White=5     	Black=2      Inaccurate:     	White=1     	Black=1      OK:         	White=7     	Black=11     Strong:       	---       	Black=1     . An unexpected result.} 1/2-1/2

[Event "Seniors-LEM-65 Sachsen-Anhalt 2024"]
[Site "Magdeburg"]
[Date "2024.07.01"]
[Round "1.18"]
[White "Brandt, Joachim"]
[Black "Krueger, Wolfgang"]
[Result "0-1"]
[ECO "B12"]
[WhiteElo "1829"]
[BlackElo "2054"]
[Annotator "TA"]
[PlyCount "56"]
[EventDate "2024.06.25"]
[EventType "swiss"]
[EventCountry "GER"]
[SourceTitle "playchess.com"]
[Source "ChessBase"]
[SourceQuality "1"]
[TimeControl "40/5400+30:1800+30"]

1. e4 c6 2. d4 g6 3. Bd3 Bg7 4. c3 d5 5. Nd2 Nh6 6. Ne2 O-O 7. O-O Kh8 8. Ng3 {[%emt 0:03:28] White is slightly better.} f6 9. Nf3 Nf7 10. Be3 (10. h4 $16) 10... e5 $14 11. Qd2 (11. Qb3 $14 {stays ahead.}) 11... dxe4 $1 $17 12. Nxe4 f5 13. Bg5 (13. Neg5 $142 f4 14. Nxf7+ Rxf7 15. dxe5 fxe3 16. Qxe3) 13... Nxg5 14. Nexg5 e4 (14... exd4 $2 15. Nxd4 Bxd4 16. cxd4 $18) 15. Nxh7 $2 (15. Qf4 $17 Bf6 (15... exd3 $2 16. Qh4 $18) 16. Qh4) 15... exf3 $2 ({Better is} 15... Kxh7 $19 16. Ng5+ Kh8) 16. Nxf8 $11 Qxf8 (16... Bxf8 $11 {keeps the balance.} 17. Qf4 Nd7 18. Qxf3 (18. gxf3 Nf6 $17) 18... Nf6) 17. Qf4 (17. Rfe1 $1 $16) 17... Bf6 18. Rfe1 {[%emt 0:06:18][%mdl 1024] White has compensation.} ({But not} 18. gxf3 Nd7 $11) 18... Bd7 {[%emt 0:08:05] [#] Inhibits Re8.} ({Black should play} 18... Kg7 $1 $14) 19. Qxf3 $2 (19. Qc7 $1 $18 Bc8 20. Re3 (20. gxf3 Nd7 $15)) 19... Qd6 20. Re2 Na6 21. Rae1 Nc7 22. h4 Kg7 23. h5 {[%emt 0:00:47] [#]} (23. g3 $11 {remains equal.}) 23... Rh8 (23... Ne6 $1 $17 {Threatens to win with ...Rh8.} 24. Re3 Ng5) 24. g3 $2 ({Only move:} 24. Qg3 $1 $15 Qxg3 25. fxg3) 24... Rxh5 $19 {[%emt 0:01:01] White must now prevent ...Ne6.} ({Weaker is} 24... gxh5 25. Bxf5 Be8 26. Bd3 $14) 25. Bc2 (25. Bc4 {might work better.}) 25... Ne6 26. Bb3 $2 (26. Rxe6 Bxe6 27. Bb3) 26... Ng5 {[%emt 0:00:52] Black is clearly winning.} 27. Qg2 f4 28. gxf4 Nh3+ {[%emt 0:00:18] Weighted Error Value: White=1.14/Black=0.54.  Loses game:     	White=2     	Black=1      Missed win:     	White=1     	Black=1      Mistake:       	White=7     	Black=2      Inaccurate:     	White=1     	Black=3      OK:         	---       	Black=7      Best:        	White=1     	Black=3      Strong:       	---       	Black=1} 0-1

[Event "Seniors-LEM-65 Sachsen-Anhalt 2024"]
[Site "Magdeburg"]
[Date "2024.07.01"]
[Round "1.19"]
[White "Jacob, Helmut"]
[Black "Rausch, Erik"]
[Result "1-0"]
[ECO "B21"]
[WhiteElo "2047"]
[BlackElo "1827"]
[Annotator "RC"]
[PlyCount "39"]
[EventDate "2024.06.25"]
[EventType "swiss"]
[EventCountry "GER"]
[SourceTitle "playchess.com"]
[Source "ChessBase"]
[SourceQuality "1"]
[TimeControl "40/5400+30:1800+30"]

1. e4 c5 2. d3 Nc6 3. f4 e6 4. Nf3 d6 5. Be2 Qc7 6. O-O Nge7 7. Qe1 g6 8. Qc3 Rg8 9. Qf6 Bg7 10. Qh4 h6 11. a4 Bd7 12. c3 O-O-O 13. Na3 a6 14. Be3 f6 15. Qf2 f5 16. e5 dxe5 17. Bxc5 Rde8 18. Nc4 Ref8 19. Bd6 Qd8 20. Nb6+ 1-0

[Event "Seniors-LEM-65 Sachsen-Anhalt 2024"]
[Site "Magdeburg"]
[Date "2024.07.01"]
[Round "1.20"]
[White "Neubauer, Uwe"]
[Black "Haase, Reinhard"]
[Result "1/2-1/2"]
[ECO "A35"]
[WhiteElo "1827"]
[BlackElo "2044"]
[Annotator "TA"]
[PlyCount "63"]
[EventDate "2024.06.25"]
[EventType "swiss"]
[EventCountry "GER"]
[SourceTitle "playchess.com"]
[Source "ChessBase"]
[SourceQuality "1"]
[TimeControl "40/5400+30:1800+30"]

1. Nf3 c5 2. c4 Nc6 3. g3 e5 4. Nc3 f5 5. d3 d6 6. Bg2 Be7 7. e3 Nf6 8. a3 {[%emt 0:01:45] White has an edge.} O-O 9. O-O Kh8 10. Rb1 d5 11. cxd5 Nxd5 12. Bd2 {[%emt 0:03:11][%cal Of3e5] aiming for Nxe5!} Nxc3 ({Better is} 12... Nf6 $11) 13. Bxc3 $14 Bf6 14. Qc2 a5 15. Ne1 Be6 16. f4 exf4 17. Bxf6 Rxf6 (17... Qxf6 18. Rxf4 Qe5 19. Bxc6 bxc6 (19... Qxe3+ 20. Kf1 $14) 20. Nf3 $11) 18. Rxf4 Rc8 19. Nf3 (19. Qxc5 $16 Rf7 20. Rd1) 19... b6 20. Rd1 {[%emt 0:05:24] The position is equal.} Qg8 {[%emt 0:10:24] [#] ...Bb3 would now be deadly.} 21. Qc3 Ne7 {[%emt 0:04:03][%cal Bc6e7,Be7g6,Bg6e5,Be5g4][%mdl 32] Hoping for ...Nd5.} 22. Ng5 Ng6 23. Rf2 Rcf8 24. Nxe6 Qxe6 25. d4 cxd4 26. Qxd4 ({But not} 26. exd4 $6 Qd7 $16) 26... Ne5 27. Bd5 Qe7 28. Bb3 Ng4 29. Rf3 h5 30. h3 Ne5 31. Rf2 Rg6 32. Kh2 {[%emt 0:01:45] Weighted Error Value: White=0.13 (very precise) /Black=0.13 (very precise) .  Mistake:       	White=1     	Black=1      Inaccurate:     	White=2     	Black=3      OK:         	White=13    	Black=8} 1/2-1/2

[Event "Seniors-LEM-65 Sachsen-Anhalt 2024"]
[Site "Magdeburg"]
[Date "2024.07.01"]
[Round "1.21"]
[White "Bauer, Burkhard"]
[Black "Hauke, Hans"]
[Result "0-1"]
[ECO "D02"]
[WhiteElo "2043"]
[BlackElo "1824"]
[Annotator "TA"]
[PlyCount "79"]
[EventDate "2024.06.25"]
[EventType "swiss"]
[EventCountry "GER"]
[SourceTitle "playchess.com"]
[Source "ChessBase"]
[SourceQuality "1"]
[TimeControl "40/5400+30:1800+30"]

1. d4 d5 2. Nf3 Nf6 3. Bf4 c5 4. e3 Nc6 5. c3 e6 6. Nbd2 Bd6 7. Bg3 O-O 8. Bd3 a6 (8... b6 $11) 9. Qe2 b5 10. e4 dxe4 $2 (10... c4 $11 {and Black stays safe.} 11. Bc2 Be7) 11. Nxe4 $18 Bxg3 (11... c4 $142) 12. hxg3 {[%emt 0:00:30] Nxf6+ would now be deadly.} g6 13. Nxc5 e5 (13... Ra7 $142 14. O-O b4) 14. Nxe5 Re8 15. O-O Nxe5 16. dxe5 {[%emt 0:00:30] And now Qf3 would win.} Qd5 17. Qf3 ({Better is} 17. Ne4 $1 $18 Nxe4 18. Qxe4 Qxe4 19. Bxe4) 17... Qxf3 $16 18. gxf3 Rxe5 19. Ne4 Nxe4 20. Bxe4 Ra7 21. a4 Rc7 22. Rfd1 bxa4 23. Rxa4 Rb5 24. Rd2 Rb6 25. Bd5 Kg7 26. c4 (26. Ra5 $16) 26... Bb7 $14 27. Bxb7 Rcxb7 28. c5 Rxb2 29. Rxb2 Rxb2 30. Rxa6 $11 {[%mdl 4096] Endgame. KR-KR} Rc2 31. Rc6 Kf8 32. Rc7 Ke8 33. Kg2 Rd2 34. f4 Rd7 $2 (34... Rd3 $1 $14) 35. Rxd7 $18 {[%emt 0:00:30] White is clearly winning.} Kxd7 36. Kf3 {White threatens Ke4 and mate.} Kc6 {[%emt 0:00:30][%cal Of7f5] [#]} 37. Ke4 {[%emt 0:01:00] Threatening mate with Kd4.} Kxc5 {[%emt 0:00:30] [#]} 38. Ke5 {Intending Kf6 and mate.} Kc4 39. Kf6 Kd3 40. Kxf7 {[%mdl 32768] Weighted Error Value: White=0.20 (precise) /Black=0.44.  Loses game:     	---       	Black=2      Mistake:       	White=2     	Black=2      Inaccurate:     	White=3     	---        OK:         	White=6     	Black=12     Best:        	White=4     	Black=3     . Sensor Board Error (Ke4/e5)?} 0-1

[Event "Seniors-LEM-65 Sachsen-Anhalt 2024"]
[Site "Magdeburg"]
[Date "2024.07.01"]
[Round "1.22"]
[White "Kramell, Ralph Friedrich Kurt"]
[Black "Kopp, Peter"]
[Result "1/2-1/2"]
[ECO "C27"]
[WhiteElo "1824"]
[BlackElo "2014"]
[Annotator "TA"]
[PlyCount "65"]
[EventDate "2024.06.25"]
[EventType "swiss"]
[EventCountry "GER"]
[SourceTitle "playchess.com"]
[Source "ChessBase"]
[SourceQuality "1"]
[TimeControl "40/5400+30:1800+30"]

1. Nc3 d6 2. e4 e5 3. Bc4 Nf6 4. Nge2 Be7 5. d3 O-O 6. O-O c6 7. a4 a5 8. Kh1 Nbd7 9. Ng3 Nc5 10. f4 Be6 11. Bxe6 Nxe6 12. Nf5 exf4 13. Nxe7+ Qxe7 14. Bxf4 Nxf4 15. Rxf4 g6 16. b3 Qe5 17. Ne2 (17. Qd2 $11) 17... Nh5 18. Rf2 Rae8 19. Qf1 Re7 20. g4 Ng7 21. Qg1 d5 22. exd5 (22. Ng3 $1 $11) 22... Qxd5+ $17 23. Qg2 Qxg2+ ({Black should try} 23... Qc5 $17 24. Nf4 Rfe8) 24. Kxg2 $11 Rfe8 25. Ng3 Ne6 26. Ne4 {[%emt 0:01:14] [#] Nf6+ would now be deadly.} Kg7 27. Raf1 Rd8 28. Kg3 h6 29. h4 {[%emt 0:00:37] The position is equal.} Rd5 30. Nf6 Re5 31. Ne4 Rd5 32. Nf6 Re5 33. Ne4 {[%emt 0:00:13] Weighted Error Value: White=0.13 (very precise) /Black=0.14 (very precise) .  Mistake:       	White=2     	Black=1      Inaccurate:     	White=2     	Black=2      OK:         	White=12    	Black=9      Best:        	White=1     	---} 1/2-1/2

[Event "Seniors-LEM-65 Sachsen-Anhalt 2024"]
[Site "Magdeburg"]
[Date "2024.07.01"]
[Round "1.23"]
[White "Klettke, Wolfgang"]
[Black "Jacob, Barbara"]
[Result "1/2-1/2"]
[ECO "C01"]
[WhiteElo "2008"]
[BlackElo "1824"]
[Annotator "TA"]
[PlyCount "72"]
[EventDate "2024.06.25"]
[EventType "swiss"]
[EventCountry "GER"]
[SourceTitle "playchess.com"]
[Source "ChessBase"]
[SourceQuality "1"]
[TimeControl "40/5400+30:1800+30"]

1. e4 d6 2. d4 e6 3. f4 Ne7 4. Nf3 h6 5. Bd3 g6 6. O-O Bg7 7. Be3 Nd7 8. g4 (8. c4 $16) 8... b6 9. c4 Bb7 (9... e5 $11) 10. Nc3 $14 a6 11. f5 e5 (11... exf5 $11 12. exf5 (12. gxf5 gxf5 13. Nh4 c5 $11) 12... gxf5) 12. d5 $16 Nf6 13. h3 Qd7 14. b4 gxf5 15. exf5 ({Only move:} 15. gxf5 $16 {Hoping for Kh2.} a5 16. bxa5) 15... Rg8 {[%emt 0:04:52] [#]} (15... b5 $14) 16. Ne4 (16. Nd2 $1 $16) 16... Nxe4 (16... b5 $11) 17. Bxe4 f6 (17... Bf6 $142) 18. a4 {[%emt 0:01:22] Black is weak on the light squares} (18. Nh4 $142) 18... Bf8 (18... h5 $16) 19. Kf2 (19. Kh2 $18) 19... Nc8 (19... h5 $16 20. Nh4 (20. gxh5 Nxf5 21. Qd3 Nxe3 $11) 20... hxg4) 20. Qd2 Qg7 (20... a5 $16 {was necessary.} 21. Rg1 (21. Bxh6 axb4 22. Bxf8 Kxf8 $18) 21... Qf7) 21. Nh4 Ne7 22. c5 ({White should play} 22. Kg1 $18) 22... h5 23. Rg1 {[%emt 0:01:48] White is much more active.} (23. c6 $16 Bc8 24. Rg1 (24. gxh5 $2 Qg3+ 25. Ke2 Qxh4 $19)) 23... Qh7 $2 (23... hxg4 $1 $11 24. Rxg4 (24. cxb6 g3+ 25. Ke1 cxb6 $11) 24... Qh7) 24. g5 $18 ({Weaker is} 24. cxb6 hxg4 25. Ng6 gxh3 $11) 24... fxg5 25. Bxg5 Qf7 $2 (25... Rxg5 $16 26. Qxg5 (26. Rxg5 dxc5 27. Ng6 O-O-O $18) 26... dxc5 27. bxc5 Bxd5) 26. cxd6 (26. c6 $18 {and the rest is easy.} Bc8 27. Qd3) 26... cxd6 $16 27. Bxe7 Bxe7 28. Ng6 Kd7 (28... Bf6 $14) 29. Kg2 (29. Nxe7 $16 Qxe7 30. Ke2) 29... Bf6 30. Rgd1 (30. Rac1 $16) 30... Rac8 31. Qe3 {[%emt 0:00:15] Really sharp!} Rc4 32. Qxb6 Ke8 33. Qe3 Kd7 34. b5 {[%emt 0:00:32][%cal Oe3b6] [#] Black must now prevent Qb6!} a5 $1 35. Qb6 (35. Rac1 $14 Rgc8 36. Kg1) 35... Ke8 $11 36. Qe3 Bd8 {[%emt 0:00:41] Blacks defense is rewarded with a draw.   Weighted Error Value: White=0.54/Black=0.56.  Loses game:     	---       	Black=2      Missed win:     	White=1     	---        Mistake:       	White=10    	Black=10     Inaccurate:     	White=3     	Black=3      OK:         	White=6     	Black=1      Best:        	White=2     	Black=3      Strong:       	---       	Black=1} (36... Kd7 $1 $11 {remains equal.}) 1/2-1/2

[Event "Seniors-LEM-65 Sachsen-Anhalt 2024"]
[Site "Magdeburg"]
[Date "2024.07.01"]
[Round "1.24"]
[White "Gismann, Juergen"]
[Black "Lapp, Karl"]
[Result "0-1"]
[ECO "C52"]
[WhiteElo "1813"]
[BlackElo "2001"]
[Annotator "RC"]
[PlyCount "74"]
[EventDate "2024.06.25"]
[EventType "swiss"]
[EventCountry "GER"]
[SourceTitle "playchess.com"]
[Source "ChessBase"]
[SourceQuality "1"]
[TimeControl "40/5400+30:1800+30"]

1. e4 e5 2. Nf3 Nc6 3. Bc4 Bc5 4. b4 Bxb4 5. c3 Ba5 6. Qb3 Qf6 7. O-O Bb6 8. Qc2 d6 9. Bb2 Bg4 10. Be2 Nge7 11. d3 O-O 12. Nbd2 a6 13. Nb3 Ng6 14. Ne1 Bd7 15. Nf3 Nf4 16. Ne1 Qg6 17. Bf3 f5 18. Bc1 fxe4 19. Bxe4 Nh3+ 20. Kh1 Nxf2+ 21. Rxf2 Rxf2 22. Qxf2 Bxf2 23. Bxg6 Bxe1 24. Be4 Rf8 25. Bf3 Bxc3 26. Rb1 e4 27. dxe4 Ne5 28. Bb2 Bxb2 29. Rxb2 Nxf3 30. gxf3 Rxf3 31. Nd4 Rd3 32. Nf5 Bxf5 33. exf5 b5 34. Rc2 c5 35. Re2 Kf7 36. Rf2 Kf6 37. Kg2 Rd5 0-1

[Event "Seniors-LEM-65 Sachsen-Anhalt 2024"]
[Site "Magdeburg"]
[Date "2024.07.01"]
[Round "1.26"]
[White "Moews, Harald"]
[Black "Waltenberger, Udo"]
[Result "0-1"]
[ECO "B20"]
[WhiteElo "1812"]
[BlackElo "1993"]
[Annotator "RC"]
[PlyCount "130"]
[EventDate "2024.06.25"]
[EventType "swiss"]
[EventCountry "GER"]
[SourceTitle "playchess.com"]
[Source "ChessBase"]
[SourceQuality "1"]
[TimeControl "40/5400+30:1800+30"]

1. e4 c5 2. Bc4 Nc6 3. d3 g6 4. c3 Bg7 5. f4 d6 6. Nf3 e6 7. Bb3 Nge7 8. Be3 O-O 9. O-O b5 10. Bc2 b4 11. a3 bxc3 12. bxc3 Qa5 13. Qe1 Ba6 14. Bd2 Qb6 15. Qc1 Rab8 16. Ra2 Na5 17. Be3 Nec6 18. g4 d5 19. e5 Ne7 20. g5 Nf5 21. Bf2 Rfc8 22. Qd1 Qc6 23. Kg2 Rc7 24. h4 Rcb7 25. Nbd2 c4 26. d4 Bf8 27. Rh1 Be7 28. h5 Rb2 29. Rxb2 Rxb2 30. a4 Qb6 31. hxg6 hxg6 32. Ne1 Nb3 33. Nb1 Ra2 34. Bxf5 exf5 35. Qf3 Bf8 36. Qh3 Bg7 37. Nf3 Na5 38. Nbd2 Nb7 39. Qh7+ Kf8 40. Rb1 Rb2 41. Qh1 Nd8 42. Kg3 Bb7 43. Qc1 Rxb1 44. Nxb1 Qb3 45. Qa3+ Qxa3 46. Nxa3 Bc6 47. Nb5 Bxb5 48. axb5 Ne6 49. Nd2 Nc7 50. Nxc4 dxc4 51. d5 Nxb5 52. Bc5+ Ke8 53. Bb4 Bf8 54. d6 Kd7 55. Kf3 Nxd6 56. Ke3 Be7 57. Kd4 Nb5+ 58. Kxc4 Bxb4 59. cxb4 Kc6 60. Kb3 Nd4+ 61. Kc4 Ne6 62. b5+ Kc7 63. Kd5 Nxf4+ 64. Kc5 Ne6+ 65. Kd5 Nxg5 0-1